 Dungeon Crawl Stone Soup version 0.26-a0-757-g626ac9e51a (webtiles) character file.

Game seed: 10462638676785906447

1127 miscthings the Cleaver (level 8, 0/70 HPs)
             Began as a Palentonga Delver on Nov 8, 2020.
             Slain by an ogre
             ... wielding a +0 giant spiked club
              (26 damage)
             ... on level 4 of the Dungeon.
             The game lasted 00:08:01 (3966 turns).

miscthings the Cleaver (Palentonga Delver)          Turns: 3966, Time: 00:08:01

Health: 0/70       AC: 12    Str: 23    XL:     8   Next: 13%
Magic:  8/8        EV: 10    Int: 12    God:
Gold:   60         SH:  0    Dex: 11    Spells: 7/7 levels left

rFire    + . .     SeeInvis +   a - +0 hand axe
rCold    . . .     Faith    .   (no shield)
rNeg     . . .     Spirit   .   b - +0 leather armour
rPois    .         Reflect  .   h - +0 helmet
rElec    .         Harm     .   (no cloak)
rCorr    .         Rampage  .   (no gloves)
MR       .....                  (no barding)
Stlth    ++........             (no amulet)
HPRegen  0.21/turn              s - ring of protection from fire
MPRegen  0.11/turn              y - +6 ring of strength

@: curled up
A: large, rugged brown scales 3, see invisible, deformed body, roll, armoured
tail, reflexive curl
a: Rolling Charge


You were on level 4 of the Dungeon.
You visited 1 branch of the dungeon, and saw 3 of its levels.
You also visited: Ossuary.

You collected 60 gold pieces.

Inventory:

Hand Weapons
 a - a +0 hand axe (weapon)
Missiles
 i - 9 poisoned darts (quivered)
Armour
 b - a +0 leather armour (worn)
 h - a +0 helmet (worn)
Jewellery
 p - a +6 ring of intelligence
 q - an uncursed ring of flight
 s - a ring of protection from fire (left hand)
 w - an uncursed ring of positive energy
 y - a +6 ring of strength (right hand)
Wands
 g - a wand of digging (3)
Scrolls
 c - a scroll of fog
 d - a scroll of magic mapping
 e - a scroll of fear
 j - 2 scrolls of remove curse
 n - a scroll of teleportation {unknown}
 u - a scroll of enchant armour {unknown}
 v - a scroll of amnesia {unknown}
Potions
 f - a potion of haste
 k - 3 potions of might
 l - 4 potions of heal wounds
 m - 3 potions of curing
 o - a potion of attraction {unknown}
 r - 2 potions of flight
 t - a potion of ambrosia {unknown}
 x - a potion of lignification {unknown}


   Skills:
 + Level 3.7 Fighting
 + Level 8.8 Axes
 + Level 1.4 Armour
 + Level 2.3 Dodging
 - Level 3.3 Stealth
 + Level 1.5 Evocations


You had 7 spell levels left.
You didn't know any spells.
Your spell library was empty.

Dungeon Overview and Level Annotations

Branches:
Dungeon (5/15)            Ossuary (visited)
 Temple: D:4-7

Altars:


Innate Abilities, Weirdness & Mutations

You are completely covered in rugged brown scales. (AC +3, +7% HP)
You have supernaturally acute eyesight. (SInv)
Armour fits poorly on your strangely shaped body.
You can roll at foes to attack.
You have a long armoured tail.
You curl defensively after being hit.


Message History

You hit the ogre but do no damage.
The ogre is severely wounded.
The ogre hits you with a +0 giant spiked club!
You hit the ogre.
The ogre is severely wounded.
The ogre hits you with a +0 giant spiked club!
You hit the ogre.
The ogre is severely wounded.
You hit the ogre but do no damage.
The ogre is severely wounded.
The ogre hits you with a +0 giant spiked club.
You completely miss the ogre. You tail-slap the ogre.
The ogre is almost dead.
You barely miss the ogre.
The ogre is almost dead.
The ogre misses you.
You completely miss the ogre.
The ogre is almost dead.
The ogre hits you with a +0 giant spiked club!!
You die...

..............#..
..........#.(##.#
....
##..........###.#
....
####....##..###.##...
......####..#........
......# ##..#(....#
......# #.........#
..)...# #.......O.#
.[....# ###.....@.#
......# #.#.....#
####### ###.....#
#..?.<# #######


You could see an ogre.

Vanquished Creatures
  An ogre (D:4)
  11 scorpions (Ossuary)
  2 centaur zombies (Ossuary)
  2 hounds (D:4)
  2 orc priests (D:4)
  2 orc wizards (D:4)
  3 human zombies (Ossuary)
  An iguana (D:4)
  3 worker ants (D:4)
  A big kobold zombie (Ossuary)
  3 mummies (Ossuary)
  4 scorpion zombies (Ossuary)
  2 adders (D:5)
  A white imp (D:5)
  A worm (D:4)
  2 leopard geckos
  3 orcs (D:4)
  2 bats (D:3)
  2 giant cockroaches
  6 jackals
  A quokka (D:4)
  A ball python (D:4)
  A frilled lizard (D:4)
  A goblin zombie (Ossuary)
  2 hobgoblin zombies (Ossuary)
  A kobold (D:3)
  3 kobold zombies (Ossuary)
  5 orc zombies (Ossuary)
69 creatures vanquished.

Notes
Turn   | Place    | Note
-------+----------+-------------------------------------------
     0 | D:5      | miscthings the Palentonga Delver began the quest for the
                  | Orb.
     0 | D:5      | Reached XP level 1. HP: 20/20 MP: 1/1
    51 | D:5      | Noticed a worker ant
   297 | D:5      | Found a sand-covered staircase.
   306 | Ossuary  | Entered an ossuary
   312 | Ossuary  | Noticed a scorpion
   325 | Ossuary  | Reached skill level 3 in Axes
   325 | Ossuary  | Reached XP level 2. HP: 6/27 MP: 2/2
   325 | Ossuary  | Reached XP level 3. HP: 7/33 MP: 3/3
   567 | Ossuary  | Killed a scorpion
   567 | Ossuary  | Reached skill level 4 in Axes
   567 | Ossuary  | Reached XP level 4. HP: 40/40 MP: 4/4
   738 | Ossuary  | Reached skill level 5 in Axes
   740 | Ossuary  | HP: 2/40 [kobold zombie (2)]
  1314 | Ossuary  | Reached XP level 5. HP: 37/48 MP: 5/5
  1418 | Ossuary  | Reached skill level 6 in Axes
  1450 | Ossuary  | Reached XP level 6. HP: 5/54 MP: 6/6
  1773 | Ossuary  | Reached skill level 7 in Axes
  2403 | Ossuary  | Gained mutation: You curl defensively after being hit.
                  | [Palentonga growth]
  2403 | Ossuary  | Reached XP level 7. HP: 37/60 MP: 7/7
  2541 | Ossuary  | Reached skill level 8 in Axes
  3480 | D:4      | Reached skill level 1 in Evocations
  3514 | D:4      | Reached skill level 1 in Armour
  3551 | D:4      | Reached XP level 8. HP: 60/67 MP: 8/8
  3966 | D:4      | Slain by an ogre

Illustrated notes

Levels and vault maps discovered:
D:3:      layout_basic, lightli_corner_chamber
D:4:      layout_rooms, minmay_liquid_box
D:5:      layout_layer_cave, chequers_ossuary_entry_cave

Skill      XL: |  1  2  3  4  5  6  7 |
---------------+----------------------+-----
Axes           | 3 4 5 6 7 8 |  8.8
Dodging        | 2 |  2.3
Evocations     | 1 |  1.5
Armour         | 1 |  1.4
Fighting       | |  3.7
Stealth        | |  3.3

Action                   |  1- 3 |  4- 6 |  7- 9 || total
-------------------------+-------+-------+-------++-------
Melee: Hand axe          |    25 |   145 |   165 ||   335
       Tailslap          |     3 |    27 |    31 ||    61
Throw: Dart              |     8 |    15 |    22 ||    45
 Abil: Rolling Charge    |       |     1 |    10 ||    11
  Use: Scroll            |       |       |     5 ||     5
 Stab: Sleeping          |       |     1 |     1 ||     2
       Distracted        |       |       |     1 ||     1
Armor: Leather armour    |    17 |    29 |    46 ||    92
Dodge: Dodged            |    23 |    44 |    59 ||   126

Table legend: (Time is in decaauts)
 A = Elapsed time spent in this place.
 B = Non-inter-level travel time spent in this place.
 C = Inter-level travel time spent in this place.
 D = Time resting spent in this place.
 E = Time spent auto-exploring this place.
 F = Levels seen in this place.
 G = Mean time per level.
                   A        B        C        D        E       F      G
               +--------+--------+--------+--------+--------+-----+--------+
         Total |   3946 |   3938 |      8 |   2569 |    381 |   4 |  986.5 |
       Dungeon |   1447 |   1439 |      8 |    734 |    286 |   3 |  482.3 |
       Ossuary |   2498 |   2498 |      0 |   1834 |     95 |   1 | 2498.0 |
               +--------+--------+--------+--------+--------+-----+--------+

Top non-repeatable levels by time:
 Ossuary: 2498 daAuts
     D:4: 689 daAuts
     D:5: 651 daAuts
     D:3: 106 daAuts
